 Dungeon Crawl Stone Soup version 0.29.1-15-g9cfb28693d (webtiles) character file.

Game seed: 887512926755498764

8 vishdafish the Conjurer (level 2, 17/19 HPs)
             Began as a Demonspawn Conjurer on Mar 29, 2023.
             Quit the game on level 1 of the Dungeon.
             The game lasted 00:00:33 (304 turns).

vishdafish the Conjurer (Demonspawn Conjurer)        Turns: 304, Time: 00:00:34

Health: 17/19      AC:  3    Str:  7    XL:     2   Next: 0%
Magic:  1/5        EV: 12    Int: 19    God:
Gold:   23         SH:  4    Dex: 11    Spells: 4/5 levels left

rFire   . . .      SeeInvis .   e - +0 spear
rCold   . . .      Faith    .   (no shield)
rNeg    . . .      Spirit   .   a - +0 robe
rPois   .          Reflect  .   (no helmet)
rElec   .          Harm     .   (no cloak)
rCorr   .          Rampage  .   (no gloves)
Will    .....                   h - +0 pair of boots
Stlth   ++........              (no amulet)
HPRegen 0.06/turn               (no ring)
MPRegen 0.09/turn               (no ring)

@: no status effects
A: condensation shield
a: no special abilities


You were on level 1 of the Dungeon.
You visited 1 branch of the dungeon, and saw 1 of its levels.

You collected 23 gold pieces.

Inventory:

Hand Weapons
 e - a +0 spear (weapon)
Armour
 a - a +0 robe (worn)
 h - a +0 pair of boots (worn)
Scrolls
 g - a scroll of identify {unknown}
 i - a scroll of teleportation {unknown}
Potions
 b - a potion of magic
 c - a potion of might {unknown}
 d - a potion of heal wounds {unknown}
 f - a potion of cancellation {unknown}
 j - a potion of ambrosia {unknown}


   Skills:
 - Level 1.7 Dodging
 - Level 1.7 Stealth
 + Level 2.3 Spellcasting
 + Level 4.2 Conjurations


You had 4 spell levels left.
You knew the following spells:

 Your Spells              Type           Power      Damage    Failure   Level
a - Magic Dart            Conj           72%        1d6       3%          1

Your spell library contained the following spells:

 Spells                   Type           Power      Damage    Failure   Level
 Searing Ray              Conj           36%        2d5       4%          2
 Dazzling Flash           Conj/Hex       20%        N/A       21%         3
 Fulminant Prism          Conj/Hex       5%         3d7       56%         4
 Iskenderun's Mystic Bla  Conj/Tloc      10%        2d4       56%         4


Dungeon Overview and Level Annotations

Branches:
Dungeon (1/15)

Altars:


Innate Abilities, Weirdness & Mutations

A meltable shield of frost defends you. (SH +4)


Message History

Found 12 gold pieces.
A jackal is nearby!
A jackal is nearby!
The magic dart hits the jackal but does no damage.
The jackal barks!
A jackal comes into view.
The magic dart hits the jackal but does no damage.
The jackal barks!
The magic dart hits the jackal but does no damage.
You are out of magic!
You are out of magic!
You reach to attack!
You closely miss the jackal. The jackal barely misses you.
You barely miss the jackal. You hit the jackal.
The jackal is heavily wounded.
The jackal bites you. The jackal misses you.
The jackal bites you but does no damage.
The jackal closely misses you.
You hit the jackal.
You kill the jackal!
The jackal bites you but does no damage.
You have reached level 2!
Your demonic ancestry asserts itself...
Frost condenses into a shield before you.
You barely miss the jackal. The jackal closely misses you.
You block the jackal's attack.
You barely miss the jackal. You block the jackal's attack.
You closely miss the jackal. The jackal completely misses you.
The jackal closely misses you.
You hit the jackal.
The jackal is almost dead.
The jackal bites you but does no damage.
The jackal barely misses you.
You closely miss the jackal.
The jackal is almost dead.
The jackal closely misses you.
You hit the jackal but do no damage.
The jackal is almost dead.
You block the jackal's attack. x2
Are you sure you want to abandon this character and quit the game? (Confirm with "yes".)

# .. ########## #.#.
#......... #.#.##
#.####.### .....#
#.#....... #.#..#
#.#.##.##.
#.#..#####......##.
#.#..........##....
#.#.##.#############.
#...@..# #. ###h####
#. #. ## #. # #. # #.
# .$ # ## # #


You could see a jackal.

Vanquished Creatures
  An endoplasm (D:1)
  A goblin (D:1)
  A hobgoblin (D:1)
  A jackal (D:1)
  A kobold (D:1)
  A bat (D:1)
  A frilled lizard (D:1)
7 creatures vanquished.

Notes
Turn   | Place    | Note
-------+----------+-------------------------------------------
     0 | D:1      | vishdafish the Demonspawn Conjurer began the quest for the
                  | Orb.
     0 | D:1      | Reached XP level 1. HP: 13/13 MP: 3/3
   298 | D:1      | Gained mutation: A meltable shield of frost defends you.
                  | (SH +4) [demonic ancestry]
   298 | D:1      | Reached XP level 2. HP: 17/19 MP: 0/5
   304 | D:1      | Quit the game

Illustrated notes

Levels and vault maps discovered:
D:1:      erik_arrival_blinker_ship, layout_loops_cross,
          dreamdust_ecumenical_altar_grove

Action                   || total
-------------------------++-------
Melee: Spear             ||    12
 Cast: Magic Dart        ||    11
Armor: Robe              ||     6
Dodge: Dodged            ||    12
Block: Other             ||     4
